Map: Ephemeron LE

Players

AlexUA

  • Race: Zerg Zerg
  • Spawn Location: 11:00

RuFF - Winner!

  • Race: Terran Terran
  • League: Master
  • Spawn Location: 5:00

VOD

Have the link to the VOD?

Description

Time

  • Played on: Dec. 15, 2019, 9:59 a.m.
  • Length: 11:20
Show
View Real Time Build Order
Export as new Build Order

AlexUA Zerg 

Build Orders: Hatch First 

Get SALT Encoding   

  12  0:01  Drone  
  13  0:13  Overlord  
  13  0:17  Drone  
  14  0:31  Drone x2  
  16  0:49  Hatchery  
  15  0:52  Drone  
  16  0:57  Extractor  
  16  0:58  Drone  
  16  1:16  Spawning Pool  
  15  1:18  Drone  
  15  1:23  Drone  
  17  1:27  Drone  
  17  1:32  Drone  
  19  1:40  Overlord  
  18  2:02  Queen  
  18  2:03  Queen  
  22  2:08  Metabolic Boost  
  22  2:12  Drone  
  23  2:18  Drone  
  23  2:21  Drone  
  25  2:23  Drone  
  25  2:26  Drone  
  27  2:32  Drone  
  28  2:39  Queen  
  30  2:45  Overlord  
  30  2:47  Zergling x2  
  30  2:49  Zergling x2  
  32  2:53  Pneumatized Carapace  
  32  2:57  Drone  
  33  3:03  Drone  
  34  3:06  Drone x2, Zergling x2  
  37  3:14  Queen  
  37  3:15  Drone  
  37  3:18  Drone x2  
  42  3:23  Drone x2  
  44  3:28  Overlord  
  44  3:40  Hatchery  
  43  3:42  Drone  
  43  3:44  Overlord  
  44  3:51  Queen  
  46  3:56  Drone x2  
  46  3:59  Overlord  
  46  4:00  Queen  
  50  4:10  Zergling x4  
  50  4:11  Overlord  
  50  4:13  Baneling Nest  
  51  4:18  Zergling x2  
  51  4:23  Zergling x4  
  51  4:24  Zergling x2  
  55  4:27  Queen  
  55  4:28  Zergling x6  
  60  4:31  Zergling x2  
  60  4:32  Zergling x2  
  62  4:40  Zergling x4  
  62  4:43  Zergling x4  
  51  4:55  Drone, Zergling x2  
  51  4:56  Drone, Queen  
  51  4:59  Drone x2  
  58  5:00  Drone  
  58  5:01  Drone  
  58  5:03  Lair  
  58  5:05  Drone  
  61  5:07  Drone  
  61  5:09  Evolution Chamber  
  61  5:14  Drone x2  
  61  5:18  Drone, Queen  
  66  5:23  Drone  
  66  5:24  Drone  
  66  5:27  Drone  
  66  5:35  Drone x4  
  70  5:36  Drone x2  
  70  5:37  Drone x2  
  70  5:39  Drone  
  74  5:49  Drone x2  
  76  5:50  Drone x3  
  76  5:51  Zerg Missile Weapons Level 1  
  76  5:52  Drone  
  76  5:56  Extractor, Evolution Chamber  
  78  5:57  Extractor x2, Drone  
  78  5:58  Extractor  
  78  6:02  Drone x2  
  78  6:04  Drone x2  
  78  6:05  Drone  
  78  6:09  Drone  
  82  6:12  Overlord x2  
  82  6:18  Overlord  
  82  6:19  Spore Crawler  
  81  6:26  Overlord, Spire  
  81  6:27  Queen  
  81  6:28  Extractor  
  81  6:35  Spore Crawler  
  81  6:37  Drone x3  
  75  6:40  Drone x4  
  75  6:41  Drone x3  
  80  6:47  Spore Crawler  
  80  6:48  Drone x3  
  80  6:52  Drone x2  
  82  6:54  Queen  
  84  7:01  Queen  
  84  7:04  Drone x3  
  84  7:07  Zerg Ground Armor Level 1  
  87  7:30  Overlord x4  
  86  7:37  Corruptor x3  
  80  7:54  Corruptor x3  
  80  7:58  Drone x2  
  81  8:00  Drone  
  81  8:04  Drone x2  
  82  8:09  Drone x2  
  82  8:11  Drone  
  85  8:19  Drone x3  
  88  8:20  Drone x2  
  88  8:22  Drone x2  
  92  8:37  Drone x2, Roach Warren  
  92  8:38  Drone  
  95  8:41  Drone x2  
  95  8:42  Spore Crawler  
  95  8:46  Spore Crawler  
  95  8:47  Zerg Missile Weapons Level 2  
  94  8:50  Zerg Flyer Weapons Level 1  
  94  8:51  Corruptor  
  89  8:58  Drone x3  
  88  9:03  Drone  
  88  9:04  Drone  
  88  9:05  Drone  
  89  9:13  Drone x4  
  93  9:17  Corruptor x2  
  93  9:22  Drone  
  93  9:23  Drone  
  99  9:28  Roach x2  
  99  9:29  Roach  
  104  9:36  Roach x2  
  108  9:39  Baneling x2  
  108  9:40  Baneling  
  108  9:41  Roach  
  110  9:46  Overlord x3  
  109  9:58  Overlord x3  
  108  10:05  Zergling x2  
  108  10:06  Zergling x12, Roach Warren  
  112  10:08  Zergling x2  
  111  10:15  Zergling x6  
  111  10:16  Zergling x2  
  113  10:22  Zergling x4  
  82  10:44  Baneling  
  82  10:45  Baneling x10  
  82  10:48  Roach x6  
  82  10:54  Roach x4  
Show
View Real Time Build Order
Export as new Build Order

RuFF Terran - Winner!

Build Orders: Liberator Opening 

Get SALT Encoding   

  12  0:01  SCV  
  13  0:13  SCV  
  14  0:17  Supply Depot  
  14  0:25  SCV  
  15  0:28  Refinery  
  15  0:39  SCV  
  16  0:45  Barracks  
  16  0:51  SCV  
  17  1:03  SCV  
  18  1:15  SCV  
  19  1:30  SCV  
  19  1:32  Marine  
  21  1:36  Factory  
  21  1:44  Orbital Command  
  21  1:54  Barracks Reactor  
  21  1:57  Supply Depot  
  21  2:11  SCV  
  22  2:19  Command Center  
  22  2:23  SCV  
  22  2:28  Supply Depot  
  23  2:33  Hellion  
  23  2:34  Hellion  
  27  2:38  SCV  
  28  2:48  Starport  
  28  2:50  SCV  
  29  2:58  Hellion  
  31  3:01  Hellion  
  31  3:02  SCV  
  34  3:07  Refinery  
  34  3:12  Supply Depot  
  34  3:19  Hellion  
  36  3:23  Hellion  
  36  3:25  SCV  
  39  3:35  Armory  
  39  3:39  SCV  
  39  3:40  SCV  
  41  3:42  Liberator  
  41  3:44  Hellion  
  43  3:49  Hellion  
  43  3:53  SCV  
  50  4:05  Orbital Command  
  49  4:12  SCV  
  49  4:16  Refinery  
  50  4:17  Refinery  
  50  4:24  SCV  
  50  4:30  Fusion Core  
  51  4:32  SCV  
  51  4:36  SCV  
  53  4:44  SCV  
  42  4:55  Starport Tech Lab  
  42  4:56  SCV  
  43  5:00  Hellion x2  
  43  5:05  SCV  
  44  5:15  Starport  
  44  5:20  Starport Tech Lab  
  44  5:22  Hellion x2  
  44  5:23  Terran Ship Weapons Level 1  
  48  5:45  SCV x2  
  48  5:49  Battlecruiser  
  57  5:57  SCV  
  57  6:04  Supply Depot, Battlecruiser  
  58  6:08  Supply Depot  
  58  6:09  SCV  
  61  6:12  Supply Depot  
  61  6:17  Engineering Bay  
  61  6:19  SCV  
  67  6:25  SCV  
  67  6:26  Hellion x2  
  63  6:53  Hellion x2  
  63  6:55  Weapon Refit  
  63  7:06  Factory  
  63  7:07  Factory  
  63  7:08  Factory x2  
  63  7:13  Command Center  
  63  7:33  Armory  
  63  7:48  Hellion x2  
  63  7:50  Factory Tech Lab x2  
  67  7:52  Factory Tech Lab x2  
  67  7:57  SCV  
  67  7:58  Terran Vehicle Weapons Level 1  
  68  8:18  Thor x3  
  80  8:20  Hellion  
  80  8:21  Hellion  
  84  8:31  Infernal Pre-Igniter, Hellion  
  86  8:39  Missile Turret  
  86  8:42  Hellion  
  86  8:43  Missile Turret  
  86  8:44  Terran Vehicle And Ship Armor Level 1  
  86  8:45  Missile Turret  
  80  9:05  Thor  
  80  9:07  Hellion x2  
  86  9:22  Hellion x3  
  86  9:23  Planetary Fortress  
  92  9:31  Hellion  
  94  9:51  Thor  
  99  9:53  Hellion  
  95  10:16  Thor  
  101  10:22  Hellion  
  101  10:26  Thor, Hellion x4  
  96  10:36  SCV  
  96  10:40  Hellion  
Tags
 
Add a new tag
Caveats
  • Supply blocks, unpowered buildings, or Contaminate may cause inaccurate times.
  • Supply counts are checked every 10 seconds.